 Dungeon Crawl Stone Soup version 0.30.1-11-g7821555f0a (webtiles) character file.

Game seed: 3869613174993989897

110 SacredBeard the Grave Robber (level 4, 0/30 HPs)
             Began as a Demonspawn Necromancer on Dec 3, 2023.
             Slain by Robin
             ... wielding a +0 club
              (4 damage)
             ... on level 3 of the Dungeon.
             The game lasted 00:05:10 (2230 turns).

SacredBeard the Grave Robber (DsNe)                 Turns: 2230, Time: 00:05:11

Health: 0/30       AC:  3    Str:  8    XL:     4   Next: 61%
Magic:  0/7        EV: 11    Int: 27    God:
Gold:   90         SH:  0    Dex: 13    Spells: 6/7 levels left

rFire   . . .        k - +1 whip (elec)
rCold   . . .        (no shield)
rNeg    . . .        s - +0 leather armour
rPois   .            (helmet restricted)
rElec   .            (no cloak)
rCorr   .            (no gloves)
SInv    .            (no boots)
Will    .....        (no amulet)
Stlth   ++           i - +6 ring of intelligence
HPRegen 0.25/turn    (no ring)
MPRegen 0.10/turn

%: no passive effects
@: no status effects
A: horns 1, foul stench 1, big brain 1
a: no special abilities


You were on level 3 of the Dungeon.
You visited 1 branch of the dungeon, and saw 3 of its levels.

You collected 90 gold pieces.

Inventory:

Hand Weapons
 k - a +1 whip of electrocution (weapon)
Missiles
 h - 24 stones
Armour
 s - a +0 leather armour (worn)
Jewellery
 f - a ring of ice
 i - a +6 ring of intelligence (left hand)
Scrolls
 d - a scroll of fog {unknown}
 j - a scroll of immolation {unknown}
 l - a scroll of vulnerability {unknown}
 p - 2 scrolls of noise {unknown}
 q - a scroll of enchant armour {unknown}
 r - a scroll of blinking {unknown}
 t - a scroll of poison {unknown}
Potions
 a - 2 potions of haste {unknown}
 b - a potion of magic
 c - a potion of mutation {unknown}
 e - 2 potions of lignification {unknown}
 g - 3 potions of heal wounds {unknown}
 m - a potion of ambrosia {unknown}
 n - a potion of flight {unknown}
 o - a potion of curing {unknown}


   Skills:
 - Level 2.0 Dodging
 - Level 2.0 Stealth
 - Level 2.0 Spellcasting
 * Level 6.5 Necromancy


You had 6 spell levels left.
You knew the following spells:

 Your Spells              Type           Power      Damage    Failure   Level
a - Necrotise             Necr           100%       1d9       1%          1

Your spell library contained the following spells:

 Spells                   Type           Power      Damage    Failure   Level
 Vampiric Draining        Necr           38%        2d8       3%          3
 Animate Dead             Necr           38%        N/A       10%         4
 Agony                    Necr           38%        N/A       26%         5


Dungeon Overview and Level Annotations

Branches:
Dungeon (3/15) Zot: 15761

Altars:

Annotations:
D:1 1 runed translucent door
D:3 Robin


Innate Abilities, Weirdness & Mutations

You have a pair of small horns on your head.
You may rarely emit foul miasma when damaged in melee.
You have an unusually large brain. (Int +2)


Message History

Your goblin skeleton hits Robin but does no damage.
Unknown command.
Casting: Necrotise (safe; 1% risk of failure)
Confirm with . or Enter, or press ? or * to list all spells.
Aiming: Necrotise (safe; 1% risk of failure)
Press: ? - help, Shift-Dir - straight line, f - Robin
Aim: Robin, wielding a +0 club, wearing a +2 animal skin and wearing a +0 helmet (ally target, chance to affect: 88%) Robin writhes in agony.
Robin hits you with a +0 club.
* * * LOW HITPOINT WARNING * * *
Your goblin skeleton barely misses Robin.
Your goblin skeleton hits Robin.
You hit Robin.
Robin is moderately wounded.
Robin hits you with a +0 club.
* * * LOW HITPOINT WARNING * * *
Your goblin skeleton closely misses Robin.
Your goblin skeleton hits Robin but does no damage.
You barely miss Robin. You headbutt Robin, but do no damage.
Robin is moderately wounded.
Robin points. "Kill!"
Robin barely misses you.
Your goblin skeleton hits Robin but does no damage.
You closely miss Robin. Your headbutt misses Robin.
Robin is moderately wounded.
Robin hits you with a +0 club.
* * * LOW HITPOINT WARNING * * *
An adder comes into view.
Your goblin skeleton hits Robin but does no damage.
Robin closely misses you.
You closely miss Robin.
Robin is moderately wounded.
Your goblin skeleton hits Robin but does no damage.
Your goblin skeleton barely misses Robin.
Robin barely misses you.
You completely miss Robin.
Robin is moderately wounded.
Your goblin skeleton barely misses Robin.
Your goblin skeleton hits Robin but does no damage.
Robin hits you with a +0 club.
You die...

.........## ... .. .........
.... ...###......###....
...........#.......
............#.......
..#............)...#..
...............))...#.....##
.......##....##Zg...........
.......##......@)Z........#
..........#.##).).........#
............#.............
#........#.#S..........
#..................#.#########
#.####.###.....).............#
#..........................#
#.##.......................##
.. ...........#...#+####......


You could see Robin (ally target), an adder and 2 friendly goblin skeletons.

Vanquished Creatures
  A howler monkey zombie (D:2)
  An adder (D:3)
  6 adder skeletons (D:2)
  3 adder zombies (D:2)
  A dart slug (D:2)
  5 endoplasms
  10 goblins
  6 hobgoblins
  2 jackals (D:1)
  4 kobolds
  A quokka (D:2)
  6 ball pythons
  A ball python skeleton (D:2)
  2 ball python zombies (D:2)
  2 bats
  3 frilled lizards (D:1)
  A jackal zombie (D:2)
  A quokka zombie (D:2)
  5 rats
61 creatures vanquished.

Vanquished Creatures (collateral kills)
  A ball python (D:1)
  A bat (D:2)
2 creatures vanquished.

Grand Total: 63 creatures vanquished

Notes
Turn   | Place    | Note
-------+----------+-------------------------------------------
     0 | D:1      | SacredBeard the Demonspawn Necromancer began the quest for
                  | the Orb.
     0 | D:1      | Reached XP level 1. HP: 13/13 MP: 3/3
     0 | D:1      | Noticed a jelly
     1 | D:1      | Found a runed translucent door.
   361 | D:1      | Gained mutation: You have an unusually large brain. (Int
                  | +2) [demonic ancestry]
   361 | D:1      | Reached XP level 2. HP: 19/19 MP: 3/5
   702 | D:1      | Reached skill level 5 in Necromancy
   996 | D:1      | Found a faded altar of an unknown god.
  1163 | D:2      | Gained mutation: You have a pair of small horns on your
                  | head. [demonic ancestry]
  1163 | D:2      | Reached XP level 3. HP: 21/24 MP: 6/6
  1530 | D:2      | Reached skill level 6 in Necromancy
  1532 | D:2      | Gained mutation: You may rarely emit foul miasma when
                  | damaged in melee. [demonic ancestry]
  1532 | D:2      | Reached XP level 4. HP: 30/30 MP: 7/7
  2205 | D:3      | Noticed Robin
  2230 | D:3      | Slain by Robin

Illustrated notes

Levels and vault maps discovered:
D:1:      dpeg_arrival_caged_fury, layout_loops_cross,
          shapermc_ecumenical_altar_petra, minmay_distorted
D:2:      layout_basic, serial_undead, serial_undead_a, serial_undead_a,
          serial_undead_a, serial_undead_f, serial_undead_b, serial_undead_e,
          serial_undead_d
D:3:      layout_basic, okawaru_ov_weapons_minmay, zin_angel,
          minmay_goblin_kobold_house, uniq_robin

Skill      XL: |  1  2  3 |
---------------+----------+-----
Stealth        | 2 |  2.0
Dodging        | 2 |  2.0
Necromancy     | 5 6 |  6.5
Spellcasting   | |  2.0

Action                     |  1- 3 |  4- 6 || total
---------------------------+-------+-------++-------
  Melee: Dagger            |    10 |       ||    10
         Unarmed           |     9 |       ||     9
         Whip              |    53 |    32 ||    85
         Headbutt          |     6 |     7 ||    13
   Cast: Necrotise         |    38 |    16 ||    54
   Stab: Distracted        |     1 |       ||     1
 Armour: Robe              |    14 |     3 ||    17
         Leather armour    |       |    10 ||    10
  Dodge: Dodged            |    66 |    16 ||    82
